 Dungeon Crawl Stone Soup version 0.28.0-45-g0d030f2227 (webtiles) character file.

Game seed: 4064400923537655598

1957 Icepheonix32 the Cutter (level 8, -2/52 (54) HPs)
             Began as a Demonspawn Fighter on Apr 6, 2022.
             Was a Follower of Hepliaklqana.
             Slain by a wight
             ... wielding a +4 halberd
              (9 damage)
             ... on level 7 of the Dungeon.
             The game lasted 00:16:39 (7272 turns).

Icepheonix32 the Cutter (Demonspawn Fighter)        Turns: 7272, Time: 00:16:41

HP:   -2/52 (54)    AC:  8    Str: 19    XL:     8   Next: 99%
MP:   8/8           EV: 11    Int: 16    God:    Hepliaklqana [*.....]
Gold: 292           SH:  9    Dex: 14    Spells: 7/7 levels left

rFire   . . .      SeeInvis +   D - +0 hand crossbow
rCold   . . .      Faith    .   I - +0 kite shield
rNeg    + . .      Spirit   .   n - +1 ring mail "Utzo Ysu" {rN+ Dex+2 SInv}
rPois   .          Reflect  .   (helmet restricted)
rElec   .          Harm     .   (no cloak)
rCorr   .          Rampage  .   (no gloves)
Will    .....                   a - +0 pair of boots
Stlth   ++........              (no amulet)
HPRegen 0.17/turn               J - +6 ring of intelligence
MPRegen 0.11/turn               (no ring)

@: lightly drained
A: reduced essence, antennae 2, foul stench 1, powered by death 1, sturdy frame
2
a: Renounce Religion, Recall Ancestor, Ancestor Identity


You were on level 7 of the Dungeon.
You worshipped Hepliaklqana.
Hepliaklqana was aware of your devotion.
You visited 2 branches of the dungeon, and saw 8 of its levels.

You collected 292 gold pieces.

Inventory:

Hand Weapons
 t - the +3 dagger of Disembowelment {vamp, SInv}
   (You found it on level 4 of the Dungeon)

   It occasionally heals its wielder for a portion of the damage dealt when it
   wounds a living foe.
   SInv:      It lets you see invisible.
 y - the +12 short sword "Rooryqy" {vorpal, rElec Dex+4}
   (You found it on level 4 of the Dungeon)

   It inflicts extra damage upon your enemies.
   Dex:       It affects your dexterity (+4).
   rElec:     It insulates you from electricity.
 B - a +1 vampiric falchion
 D - a +0 hand crossbow (weapon)
Missiles
 E - 39 bolts (quivered ammo)
 G - 2 javelins
Armour
 a - a +0 pair of boots (worn)
 c - a +0 buckler
 d - a +2 leather armour of cold resistance
 n - the +1 ring mail "Utzo Ysu" (worn) {rN+ Dex+2 SInv}
   (You took it off a hobgoblin on level 2 of the Dungeon)

   Dex:       It affects your dexterity (+2).
   rN:        It protects you from negative energy.
   SInv:      It lets you see invisible.
 I - a +0 kite shield (worn)
Jewellery
 J - a +6 ring of intelligence (left hand)
Wands
 b - a wand of charming (5)
 u - a wand of iceblast (9)
 x - a wand of flame (8)
 A - a wand of polymorph (6)
 C - a wand of digging (3)
Scrolls
 f - a scroll of torment {unknown}
 h - 3 scrolls of blinking {unknown}
 i - a scroll of enchant weapon {unknown}
 j - a scroll of vulnerability {unknown}
 l - 5 scrolls of identify {unknown}
 o - a scroll of noise {unknown}
 p - 2 scrolls of enchant armour {unknown}
 q - 3 scrolls of brand weapon {unknown}
 w - 2 scrolls of amnesia {unknown}
Potions
 e - 4 potions of curing
 g - a potion of degeneration {unknown}
 k - 3 potions of resistance
 m - a potion of ambrosia {unknown}
 r - a potion of berserk rage {unknown}
 s - a potion of might
 v - a potion of heal wounds {unknown}
 z - 2 potions of cancellation {unknown}
 F - a potion of brilliance {unknown}
 H - a potion of mutation {unknown}


   Skills:
 + Level 4.7 Fighting
 * Level 6.2(6.4) Short Blades
 - Level 2.0(4.4) Long Blades
 - Level 1.5 Maces & Flails
 + Level 1.8 Crossbows
 + Level 4.5 Armour
 * Level 4.2 Dodging
 + Level 1.6 Stealth
 * Level 4.4 Shields
 + Level 1.3 Evocations


You had 7 spell levels left.
You didn't know any spells.
Your spell library contained the following spells:

 Spells                   Type           Power      Damage    Failure   Level
 Slow                     Hex            0%         N/A       63%         1
 Corpse Rot               Necr/Air       0%         N/A       77%         2
 Poisonous Vapours        Pois/Air       0%         N/A       77%         2
 Confusing Touch          Hex            0%         N/A       94%         3
 Vampiric Draining        Necr           0%         2d6       94%         3


Dungeon Overview and Level Annotations

Branches:
Dungeon (7/15)             Temple (1/1) D:5

Altars:
Ashenzari
Cheibriados
Dithmenos
Elyvilon
Fedhas
Gozag
Hepliaklqana
Kikubaaqudgha
Makhleb
Nemelex Xobeh
Okawaru
Qazlal
Ru
Sif Muna
Trog
Vehumet
Wu Jian
Xom
Yredelemnul
Zin
The Shining One

Shops:
D:6 :

Annotations:
D:5 2 runed translucent doors, Iusername's ghost, novice MiFi


Innate Abilities, Weirdness & Mutations

Your life essence is reduced to manifest your ancestor. (-10% HP)
You have a pair of antennae on your head.
You may rarely emit foul miasma when damaged in melee.
You regenerate a little health from kills.
Your movements are less encumbered by armour. (ER -4)


Message History

You puncture the howler monkey skeleton!
The howler monkey skeleton is almost destroyed.
You block the howler monkey skeleton's attack.
You puncture the howler monkey skeleton!
You destroy the howler monkey skeleton!
A wight comes into view. It is wielding a +0 flail.
A wight comes into view. It is wielding a +4 halberd.
D - a +0 hand crossbow (weapon)
You are too injured to fight recklessly!
Fire: 42 bolts
Press: ? - help, Q - select action, (/) - cycle Shift-Dir - straight line, f - wight
Aim: a wight, wielding a +0 flail and wearing a +0 robe (64% to hit)
You shoot a bolt. The bolt completely misses the wight.
A wight comes into view. It is wielding a +0 morningstar.
Fire: 41 bolts
Press: ? - help, Q - select action, (/) - cycle Shift-Dir - straight line, f/p - wight
Aim: a wight, wielding a +0 flail and wearing a +0 robe (64% to hit)
You shoot a bolt. The bolt hits the wight.
The wight is moderately damaged.
A wight comes into view. It is wielding a +0 falchion.
Unknown command.
Aiming: Iceblast
Press: ? - help, Shift-Dir - straight line, f/p - wight
Aim: a wight, wielding a +0 flail and wearing a +0 robe (moderately damaged)
The mass of ice explodes!
The iceblast engulfs the wight!
The wight partially resists.
You destroy the wight!
The iceblast engulfs the wight!
The wight partially resists.
The wight is heavily damaged.
Fire: 40 bolts
Press: ? - help, Q - select action, (/) - cycle Shift-Dir - straight line, f - wight
Aim: a wight, wielding a +4 halberd and wearing a +0 robe (heavily damaged, 64% to hit)
You shoot a bolt. The bolt hits the wight.
The wight is severely damaged.
The wight hits you from afar with a +4 halberd!
* * * LOW HITPOINT WARNING * * *
You partially resist.
You feel drained.
* * * LOW HITPOINT WARNING * * *
The wight hits you from afar with a +4 halberd!
You die...

#### ## ##..# #.#
##.### #.## ##.##
#..####..# #..##..##
#.......##
#........##
##...###..@###
##...## ####..#
######....# ###z#
.........#######z†##
............##.{.##
.........#..zz()##
........###.....#
.#.........(....#
##....#.).).#...#


You could see a wight.

Vanquished Creatures
  Prince Ribbit (D:6)
  2 ice beasts (D:5)
  A black bear (D:6)
  A necrophage (D:4)
  2 ogres (D:5)
  A gnoll sergeant (D:6)
  A wyvern skeleton (D:6)
  A water moccasin skeleton (D:7)
  4 killer bees (D:7)
  A wight (D:7)
  2 howler monkeys (D:5)
  A crimson imp (D:3)
  3 hounds
  An orc priest (D:4)
  A bullfrog skeleton (D:5)
  4 iguanas
  8 orc wizards
  A killer bee zombie (D:5)
  Robin (D:3)
  6 adders
  4 gnolls (D:6)
  A howler monkey skeleton (D:7)
  An ufetubus (D:5)
  A worm (D:3)
  6 dart slugs
  24 orcs
  13 ball pythons
  4 bats
  5 endoplasms
  2 giant cockroaches
  17 goblins
  9 hobgoblins
  3 jackals (D:2)
  6 quokkas
  6 frilled lizards
  8 kobolds
  4 rats
157 creatures vanquished.

Vanquished Creatures (others)
  An ancestor (D:7)
  An orc (D:4)
  7 fungi (D:4)
9 creatures vanquished.

Grand Total: 166 creatures vanquished

Notes
Turn   | Place    | Note
-------+----------+-------------------------------------------
     0 | D:1      | Icepheonix32 the Demonspawn Fighter began the quest for the
                  | Orb.
     0 | D:1      | Reached XP level 1. HP: 18/18 MP: 1/1
   313 | D:1      | Gained mutation: You have a pair of small antennae on your
                  | head. [demonic ancestry]
   313 | D:1      | Reached XP level 2. HP: 24/24 MP: 2/2
  1141 | D:2      | Reached XP level 3. HP: 11/29 MP: 3/3
  1729 | D:2      | Identified the +1 ring mail "Utzo Ysu" {rN+ Dex+2 SInv}
  1894 | D:2      | Found a faded altar of an unknown god.
  2144 | D:3      | Found an opulent altar of Gozag.
  2277 | D:3      | Gained mutation: You regenerate a little health from kills.
                  | [demonic ancestry]
  2277 | D:3      | Reached XP level 4. HP: 19/35 MP: 4/4
  2530 | D:3      | Found a shadowy altar of Dithmenos.
  2856 | D:3      | HP: 1/36 [iguana (12)]
  2861 | D:3      | Reached skill level 1 in Dodging
  2869 | D:3      | Noticed Robin
  2902 | D:3      | Killed Robin
  2903 | D:3      | Gained mutation: You may rarely emit foul miasma when
                  | damaged in melee. [demonic ancestry]
  2903 | D:3      | Reached XP level 5. HP: 15/42 MP: 5/5
  3345 | D:3      | Found a burning altar of Makhleb.
  3345 | D:3      | Found a shimmering altar of Xom.
  3757 | D:4      | Noticed a necrophage
  3770 | D:4      | Killed a necrophage
  3771 | D:4      | Reached skill level 1 in Maces & Flails
  3771 | D:4      | Gained mutation: Your movements are slightly less
                  | encumbered by armour. (ER -2) [demonic ancestry]
  3771 | D:4      | Reached XP level 6. HP: 44/48 MP: 6/6
  3817 | D:4      | Identified the +3 dagger of Disembowelment {vamp, SInv}
  4074 | D:4      | Identified the +12 short sword "Rooryqy" {vorpal, rElec
                  | Dex+4}
  4177 | D:4      | Found an ancient bone altar of Kikubaaqudgha.
  4438 | D:4      | Reached skill level 1 in Short Blades
  4801 | D:5      | Entered Level 5 of the Dungeon
  4921 | D:5      | Found a large runed translucent door.
  4922 | D:5      | Found a large runed translucent door.
  4925 | D:5      | Noticed Iusername's ghost (novice MiFi)
  5048 | D:5      | Reached skill level 1 in Stealth
  5048 | D:5      | Gained mutation: Your movements are less encumbered by
                  | armour. (ER -4) [demonic ancestry]
  5048 | D:5      | Reached XP level 7. HP: 38/55 MP: 7/7
  5086 | D:4      | Reached skill level 2 in Short Blades
  5375 | D:5      | Found a staircase to the Ecumenical Temple.
  5397 | D:5      | Reached skill level 1 in Crossbows
  5431 | Temple   | Entered the Ecumenical Temple
  5504 | Temple   | Became a worshipper of Hepliaklqana the Forgotten
  5780 | D:5      | Reached skill level 3 in Short Blades
  6116 | D:6      | Gained mutation: You have a pair of antennae on your head.
                  | [demonic ancestry]
  6116 | D:6      | Reached XP level 8. HP: 50/61 MP: 8/8
  6156 | D:6      | Found Evvounge's Book Emporium.
  6228 | D:6      | Noticed Prince Ribbit
  6409 | D:5      | Reached skill level 4 in Short Blades
  6613 | D:6      | Reached skill level 5 in Short Blades
  6617 | D:6      | Killed Prince Ribbit
  6759 | D:6      | Found a sacrificial altar of Ru.
  6957 | D:6      | Reached * piety under Hepliaklqana
  7110 | D:7      | Reached skill level 1 in Evocations
  7177 | D:7      | Found an iron altar of Okawaru.
  7257 | D:7      | Reached skill level 6 in Short Blades
  7272 | D:7      | Slain by a wight

Illustrated notes

Levels and vault maps discovered:
D:1:      minmay_arrival_shattered_statue, layout_basic
D:2:      layout_rooms, hellmonk_ecumenical_altar_crossroads,
          kennysheep_minor_cross
D:3:      layout_loops_corners, grunt_temple_overflow_champion_of_chaos,
          mainiacjoe_overflow_cross_hatched, grunt_gozag_statues, uniq_robin
D:4:      minmay_general_purpose_star, layout_loops_ring,
          kiku_gazebo_pond_becter, serial_aquarium, aquarium_bridge_long_joined
          [aquarium_subvault_wall, aquarium_subvault_wall,
          aquarium_subvault_wall, aquarium_subvault_bridge,
          aquarium_subvault_window, aquarium_subvault_wall],
          aquarium_window_fake, aquarium_window_1, aquarium_view_2d,
          aquarium_view_2a, aquarium_pool_split
D:5:      layout_gridville, minmay_temple_entry_ruins,
          ebering_ghost_disaster_area
D:6:      layout_cave_pools, nicolae_ru_path_of_blood, serial_shops, shop,
          uniq_prince_ribbit1
D:7:      layout_layer_cave, tso_oasis_becter, okawaru_ov_weapons_minmay,
          serial_shops, shop, minmay_misc_feat_plants, uniq_joseph
Temple:   nicolae_temple_god_jail

Skill      XL: |  1  2  3  4  5  6  7  8 |
---------------+-------------------------+-----
Long Blades    | 2 |  2.0
Armour         | 3 4 |  4.5
Shields        | 3 4 |  4.4
Dodging        | 1 2 3 4 |  4.2
Fighting       | 4 |  4.7
Maces & Flails | 1 |  1.5
Short Blades   | 1 3 6 |  6.2
Stealth        | 1 |  1.6
Crossbows      | 1 |  1.8
Evocations     | 1 |  1.3

Action                   |  1- 3 |  4- 6 |  7- 9 || total
-------------------------+-------+-------+-------++-------
Melee: Long sword        |   119 |    71 |       ||   190
       Mace              |       |    75 |       ||    75
       Dagger            |       |    51 |       ||    51
       Short sword       |       |    34 |   130 ||   164
 Fire: Hand crossbow     |       |    12 |     3 ||    15
Throw: Javelin           |       |       |     3 ||     3
Evoke: Wand              |       |       |     9 ||     9
  Use: Potion            |       |     2 |       ||     2
 Stab: Sleeping          |       |     2 |       ||     2
Armor: Scale mail        |    67 |       |       ||    67
       Ring mail         |     6 |    96 |    39 ||   141
Dodge: Dodged            |    60 |   102 |    86 ||   248
Block: Buckler           |    37 |    56 |    17 ||   110
       Kite shield       |       |       |    24 ||    24
